Map: Oxide LE

Players

Clem

  • Race: Terran Terran

Reynor - Winner!

  • Race: Zerg Zerg

Event: DreamHack SC2 Masters 2021 Fall

VOD

Have the link to the VOD?

Description

Time

  • Played on: Aug. 14, 2021, 10:44 a.m.
  • Length: 5:52

All games in this series

Show
View Real Time Build Order
Export as new Build Order

Clem Terran 

Build Orders: Reaper Expand, Hellion Banshee 

Get SALT Encoding   

  12  0:00  SCV  
  13  0:12  SCV  
  14  0:17  Supply Depot  
  14  0:24  SCV  
  15  0:38  SCV  
  15  0:39  Barracks  
  16  0:44  Refinery  
  16  0:50  SCV  
  17  1:02  SCV  
  18  1:14  SCV  
  19  1:26  Reaper  
  19  1:27  Orbital Command  
  20  1:38  Command Center  
  20  1:45  Supply Depot  
  20  1:52  SCV  
  21  1:58  Marine  
  22  2:04  SCV  
  23  2:09  Factory  
  23  2:16  SCV  
  23  2:20  Barracks Reactor  
  24  2:28  SCV  
  25  2:40  Command Center  
  25  2:41  SCV  
  26  2:50  Orbital Command  
  26  2:53  SCV  
  27  2:59  Starport  
  27  3:02  Refinery  
  27  3:06  SCV  
  27  3:09  Hellion  
  30  3:13  Hellion  
  30  3:16  Barracks Tech Lab  
  30  3:19  SCV  
  33  3:20  SCV  
  34  3:31  SCV, Hellion  
  34  3:33  SCV  
  38  3:35  Hellion  
  40  3:44  Banshee, SCV  
  40  3:45  SCV  
  45  3:53  Orbital Command  
  45  3:54  Cloaking Field  
  45  3:56  SCV  
  45  3:57  SCV  
  45  4:01  Hellion  
  45  4:02  Hellion  
  51  4:04  Barracks Tech Lab  
  51  4:08  SCV  
  52  4:10  SCV  
  52  4:13  Supply Depot  
  53  4:20  SCV  
  53  4:21  SCV  
  55  4:25  Hellion x2  
  55  4:29  SCV  
  60  4:32  SCV  
  60  4:35  Banshee, SCV  
  60  4:37  Marine  
  60  4:38  Supply Depot  
  66  4:45  Barracks  
  66  4:47  Barracks  
  66  4:48  Bunker  
  66  4:54  Widow Mine  
  66  4:55  Marine  
  66  4:57  SCV  
  66  4:59  Widow Mine  
  68  5:04  SCV  
  61  5:08  SCV  
  61  5:13  Marine, SCV  
  53  5:17  Widow Mine  
  54  5:22  Hellion  
  54  5:24  SCV  
  52  5:30  Marine  
  52  5:31  SCV  
  52  5:32  SCV  
  53  5:36  SCV  
Show
View Real Time Build Order
Export as new Build Order

Reynor Zerg - Winner!

Build Orders: Hatch First, Roach Nydus 

Get SALT Encoding   

  12  0:00  Drone  
  13  0:12  Overlord  
  13  0:16  Drone  
  14  0:30  Drone x2  
  16  0:47  Hatchery  
  15  0:50  Drone  
  15  0:53  Drone  
  15  0:57  Drone  
  18  1:07  Extractor  
  17  1:12  Spawning Pool  
  17  1:15  Drone  
  17  1:18  Drone  
  18  1:27  Drone  
  19  1:41  Drone  
  20  1:49  Overlord  
  20  1:58  Queen x2  
  20  1:59  Zergling x2  
  20  2:00  Zergling x2  
  26  2:11  Drone x2  
  28  2:20  Drone  
  28  2:21  Drone  
  30  2:31  Hatchery  
  30  2:37  Drone x2  
  31  2:43  Drone  
  31  2:44  Drone  
  33  2:45  Lair  
  33  2:47  Extractor  
  32  2:52  Queen  
  32  2:57  Overlord  
  34  2:59  Drone  
  34  3:03  Drone  
  36  3:16  Drone x2  
  36  3:17  Drone x3  
  41  3:24  Overlord  
  41  3:28  Drone  
  41  3:32  Queen  
  44  3:36  Roach Warren  
  43  3:45  Queen  
  43  3:46  Nydus Network  
  44  3:49  Overlord  
  44  3:51  Drone  
  44  3:53  Drone  
  46  4:03  Overlord  
  46  4:15  Roach  
  46  4:16  Roach x5  
  58  4:18  Roach  
  58  4:22  Roach  
  58  4:23  Roach  
  64  4:29  Roach  
  64  4:30  Overlord  
  66  4:40  Nydus Canal  
  66  4:43  Queen  
  68  4:49  Overseer  
  68  5:00  Nydus Canal  
  68  5:01  Queen  
  68  5:09  Roach x2  
  68  5:10  Zergling x6  
  68  5:11  Spore Crawler  
  72  5:17  Roach  
  74  5:25  Roach x2  
  72  5:31  Roach  
  72  5:32  Zergling x2  
  72  5:34  Overlord  

Tags
 
Add a new tag
Caveats
  • Supply blocks, unpowered buildings, or Contaminate may cause inaccurate times.
  • Supply counts are checked every 10 seconds.